 Dungeon Sprint DCSS version 0.15-a0-1224-g3833f9c (webtiles) character file.

2613 Infinimo the Brawler (level 9, -9/70 HPs)
             Began as a Minotaur Monk on June 1, 2014.
             Was the Champion of Cheibriados.
             Mangled by a tarantella (11 damage)
             ... summoned by a deep elf summoner
             ... in the Dungeon (Sprint V: "Ziggurat Sprint").
             The game lasted 00:05:29 (658 turns).

Infinimo the Brawler (Minotaur Monk)                 Turns: 658, Time: 00:05:30

HP  -9/70        AC 27     Str 30      XL: 9   Next: 34%
MP   4/4         EV  0     Int 37      God: Cheibriados [******]
Gold 0           SH 67     Dex 29      Spells:  1 memorised,  2 levels left

rFire  + . .     SeeInvis .       - Unarmed
rCold  + . .     Clarity  .     i - +9 gold dragon armour
rNeg   + . .     rCorr    .     a - +18 shield of the gong {rElec rN+ MR+ EV-5}
rPois  +         rRot     .     (helmet restricted)
rElec  +         Spirit   .     (no cloak)
SustAb .         Warding  .     (no gloves)
rMut   .         NoTele   +     (no boots)
Gourm  .                        (no amulet)
MR     +....                    l - +6 ring of intelligence
                                m - +6 ring of intelligence

@: lethally poisoned, very slow, somewhat resistant to hostile enchantments,
extremely unstealthy
A: retaliatory headbutt, horns 2
a: Bend Time, Temporal Distortion, Slouch, Step From Time, Renounce Religion


You were in the Dungeon.
You worshipped Cheibriados.
Cheibriados was exalted by your worship.
You were not hungry.

You visited 1 branch

Inventory:

Armour
 a - the +18 shield of the gong (worn) {rElec rN+ MR+ EV-5}
   (You found it in the Dungeon)

   It affects your evasion (-5).
   It insulates you from electricity.
   It protects you from negative energy.
   It affects your resistance to hostile enchantments.
 i - a +9 gold dragon armour (worn)
Magical devices
 q - a wand of disintegration (7)
Comestibles
 b - 5 bread rations
 F - 42 fruits
 G - 4 meat rations
Scrolls
 h - 4 scrolls of blinking
 y - 4 scrolls of amnesia
 z - 3 scrolls of recharging
 A - 7 scrolls of fog
 B - a scroll of holy word
 C - 5 scrolls of identify
 D - 5 scrolls of remove curse
 E - 2 scrolls of fear
Jewellery
 j - a +6 ring of dexterity
 k - a +6 ring of dexterity
 l - a +6 ring of intelligence (right hand)
 m - a +6 ring of intelligence (left hand)
 n - a +6 ring of strength
 o - a +6 ring of strength
 p - an uncursed ring of flight
 v - an uncursed ring of wizardry
 H - an uncursed ring of protection from fire
Potions
 c - 8 potions of curing
 d - 5 potions of heal wounds
 e - 6 potions of haste
 f - 7 potions of magic
 g - 3 potions of berserk rage
 r - 2 potions of brilliance
 s - 2 potions of invisibility
 t - 2 potions of restore abilities
 u - 4 potions of resistance
 w - 5 potions of agility
 x - 5 potions of might
Books
 I - a Grand Grimoire This book is beyond your current level of understanding.

   Spells                             Type                      Level
   Aura of Abjuration                 Summoning                    6
   Forceful Dismissal                 Summoning                    6
   Haunt                              Necromancy/Summoning         7
   Summon Greater Demon               Summoning                    7
   Malign Gateway                     Summoning/Translocation      7
   Summon Horrible Things             Summoning                    8
 J - a book of the Earth

   Spells                             Type                      Level
   Leda's Liquefaction                Hexes/Earth                  4
   Bolt of Magma                      Conjuration/Fire/Earth       5
   *Statue Form                       Transmutation/Earth          6
   Iron Shot                          Conjuration/Earth            6
   Shatter                            Earth                        9
 K - a book of Alchemy

   Spells                             Type                      Level
   Sublimation of Blood               Necromancy                   2
   Alistair's Intoxication            Transmutation/Poison         4
   Condensation Shield                Ice                          4
   Petrify                            Transmutation/Earth          4
   Ignite Poison                      Fire/Transmutation           5


   Skills:
 - Level 3.6 Fighting
 - Level 12.2 Armour
 - Level 3.2 Dodging
 - Level 1.5 Stealth
 - Level 12.3 Shields
 * Level 15.6 Unarmed Combat
 + Level 3.6 Transmutations
 + Level 3.5 Earth Magic


You had 2 spell levels left.
You knew the following spells:

 Your Spells              Type           Power        Failure   Level  Hunger
a - Statue Form           Trmt/Erth      ####......   100%        6    #######


Dungeon Overview and Level Annotations

Branches:
Dungeon (1/1)

Altars:
Ashenzari
Cheibriados
Dithmenos
Elyvilon
Fedhas
Gozag
Kikubaaqudgha
Makhleb
Nemelex Xobeh
Okawaru
Qazlal
Sif Muna
Trog
Vehumet
Xom
Yredelemnul
Zin
The Shining One
Beogh
Jiyva
Lugonu


Innate Abilities, Weirdness & Mutations

You reflexively headbutt those who attack you in melee.*
You have a pair of horns on your head.*


Message History

Drink which item? (? for menu, Esc to quit)
You feel better. You block the tarantella's attack.
You block the demonic crawler's attack. x2
The redback bites you!
* * * LOW HITPOINT WARNING * * *
You are poisoned.
The redback poisons you! You partially resist.
The deep elf mage casts a spell at you. The magic dart hits you!
* * * LOW HITPOINT WARNING * * *
You block the demonic crawler's attack.
The deep elf mage mumbles some strange words.
The deep elf mage blinks!
You block the demonic crawler's attack.
Unknown command.
Unknown command.
The deep elf mage is lightly wounded.
* * * LOW HITPOINT WARNING * * *
You feel sick. You block the redback's attack.
You block the demonic crawler's attack. The tarantella bites you!
You die...

8©8
▓..}})..▓
▓..:Pe..▓
▓.......▓
▓.....*.▓
▓.......▓
..e....
▓.▓sss▓.▓
▓..e@ss.▓
▓▓▓▓▓▓▓▓▓


You could see 3 demonic crawlers, a deep elf summoner, a tarantella, a redback
and 2 deep elf magi.

Vanquished Creatures
  A deep elf knight (D)
  2 deep elf conjurers (D)
  A deep elf mage (D)
  2 deep elf fighters (D)
  A naga (D)
  A porcupine (D)
  A water moccasin (D)
  2 orc warriors (D)
  A giant frog (D)
  An orc priest (D)
  2 orc wizards (D)
  An iguana (D)
  2 sheep (D)
  A green rat (D)
  A shadow imp (D)
  An ufetubus (D)
  An orc (D)
  A giant gecko skeleton (D)
  A jackal (D)
  A rat zombie (D)
  A fungus (D)
26 creatures vanquished.

Notes
Turn   | Place    | Note
--------------------------------------------------------------
     0 | D        | Infinimo, the Minotaur Monk, began the quest for the Orb.
     0 | D        | Reached XP level 1. HP: 19/19 MP: 1/1
     0 | D        | Found an ancient bone altar of Kikubaaqudgha.
     1 | D        | Found a basalt altar of Yredelemnul.
     1 | D        | Found an iron altar of Okawaru.
    19 | D        | Found a radiant altar of Vehumet.
    19 | D        | Found a shimmering altar of Xom.
    21 | D        | Found a burning altar of Makhleb.
    28 | D        | Found a deep blue altar of Sif Muna.
    29 | D        | Found a sparkling altar of Nemelex Xobeh.
    30 | D        | Found a white marble altar of Elyvilon.
    30 | D        | Found a bloodstained altar of Trog.
    30 | D        | Found a corrupted altar of Lugonu.
    32 | D        | Found a roughly hewn altar of Beogh.
    62 | D        | Reached skill level 6 in Armour
    62 | D        | Reached XP level 2. HP: 26/26 MP: 1/1
    70 | D        | Became a worshipper of Cheibriados the Contemplative
    91 | D        | Entered arena 1.
    91 | D        | Noticed a naga
    91 | D        | Noticed a water moccasin
   119 | D        | Killed a water moccasin
   119 | D        | Reached skill level 7 in Armour
   119 | D        | Reached XP level 3. HP: 25/31 MP: 2/2
   119 | D        | Reached XP level 4. HP: 31/39 MP: 2/2
   127 | D        | Killed a naga
   127 | D        | Reached skill level 8 in Armour
   127 | D        | Reached skill level 9 in Unarmed Combat
   127 | D        | Reached XP level 5. HP: 31/45 MP: 2/2
   237 | D        | Entered arena 2.
   237 | D        | Noticed a porcupine
   240 | D        | Killed a porcupine
   240 | D        | Acquired Cheibriados' first power
   240 | D        | Reached skill level 10 in Unarmed Combat
   240 | D        | Reached XP level 6. HP: 49/51 MP: 3/3
   250 | D        | Entered arena 3.
   250 | D        | Noticed an iguana
   250 | D        | Noticed a giant frog
   252 | D        | Killed a giant frog
   252 | D        | Acquired Cheibriados' second power
   259 | D        | Killed an iguana
   259 | D        | Acquired Cheibriados' third power
   293 | D        | Entered arena 4.
   294 | D        | Reached skill level 11 in Unarmed Combat
   309 | D        | Entered arena 5.
   309 | D        | Noticed a deep elf fighter
   309 | D        | Noticed a deep elf conjurer
   309 | D        | Noticed a deep elf knight
   309 | D        | Noticed a deep elf fighter
   317 | D        | Killed a deep elf conjurer
   317 | D        | Reached skill level 12 in Unarmed Combat
   317 | D        | Reached XP level 7. HP: 46/57 MP: 3/3
   323 | D        | Killed a deep elf fighter
   323 | D        | Reached XP level 8. HP: 44/64 MP: 3/3
   330 | D        | Killed a deep elf knight
   330 | D        | Reached skill level 14 in Unarmed Combat
   333 | D        | Killed a deep elf fighter
   452 | D        | Learned a level 6 spell: Statue Form
   458 | D        | Entered arena 6.
   458 | D        | Noticed an orc priest
   458 | D        | Noticed an orc warrior
   458 | D        | Noticed an orc wizard
   458 | D        | Noticed an orc warrior
   458 | D        | Noticed an orc wizard
   462 | D        | Killed an orc warrior
   465 | D        | Killed an orc warrior
   465 | D        | Reached skill level 1 in Transmutations
   465 | D        | Reached skill level 1 in Earth Magic
   469 | D        | Killed an orc wizard
   470 | D        | Killed an orc priest
   472 | D        | Killed an orc wizard
   472 | D        | Reached XP level 9. HP: 37/70 MP: 4/4
   634 | D        | Entered arena 7.
   634 | D        | Noticed a deep elf summoner
   634 | D        | Noticed a deep elf conjurer
   634 | D        | Noticed a deep elf mage
   634 | D        | Noticed a deep elf mage
   634 | D        | Noticed a deep elf mage
   638 | D        | Noticed a demonic crawler
   645 | D        | Noticed a demonic crawler
   645 | D        | Noticed a demonic crawler
   646 | D        | Killed a deep elf mage
   655 | D        | Killed a deep elf conjurer
   655 | D        | Reached skill level 15 in Unarmed Combat
   657 | D        | HP: 3/70 [deep elf mage/magic dart (6)]
   658 | D        | Mangled by a tarantella

Action                   |  1- 3 |  4- 6 |  7- 9 || total
-------------------------+-------+-------+-------++-------
Melee: Unarmed           |    25 |    36 |    52 ||   113
  Use: Potion            |     4 |       |     4 ||     8
       Scroll            |       |       |     4 ||     4
